 Dungeon Crawl Stone Soup version 0.31-a0-819-gf6de2f5ab6 (webtiles) character file.

Game seed: 11171743593369045512

1296 qw the Skirmisher (level 8, -6/52 HPs)
             Began as a Gargoyle Hunter on Sept 23, 2023.
             Was an Initiate of Okawaru.
             Mangled by a sun demon (17 damage)
             ... summoned by a kobold demonologist
             ... on level 6 of the Dungeon.
             The game lasted 00:01:47 (4842 turns).

qw the Skirmisher (Gargoyle Hunter)                 Turns: 4842, Time: 00:01:48

Health: -6/52      AC: 12    Str: 14    XL:     8   Next: 56%
Magic:  8/8        EV: 17    Int: 11    God:    Okawaru [......]
Gold:   288        SH:  5    Dex: 15    Spells: 7/7 levels left

rFire   . . .        Y - +3 arbalest (freeze)
rCold   + . .        (shield currently unavailable)
rNeg    + . .        o - +1 leather armour {rC+}
rPois   inf          l - +1 helmet
rElec   +            (no cloak)
rCorr   .            (no gloves)
SInv    .            q - +0 pair of boots
Will    .....        f - amulet of reflection
Stlth   ++           p - +5 ring of evasion
HPRegen 0.28/turn    (no ring)
MPRegen 0.11/turn

%: reflection
@: no status effects
A: sickness immunity, AC +5, negative energy resistance 1, electricity
resistance, torment resistance 1, petrification resistance
a: Renounce Religion


You were on level 6 of the Dungeon.
You worshipped Okawaru.
Okawaru was noncommittal.
You visited 2 branches of the dungeon, and saw 7 of its levels.
You also visited: Sewer.

You collected 288 gold pieces.


Innate Abilities, Weirdness & Mutations

You are immune to sickness and miasma.
Your stone body is resilient. (AC +5)
You are immune to poison.
You resist negative energy. (rN+)
You are resistant to electric shocks. (rElec)
You are resistant to unholy torment.
You are immune to petrification.


   Skills:
 - Level 6.4 Fighting
 + Level 9.1 Ranged Weapons
 - Level 1.0 Armour
 - Level 2.0 Dodging
 - Level 1.1 Stealth


You had 7 spell levels left.
You didn't know any spells.
Your spell library was empty.

Inventory:

Hand Weapons
 Y - a +3 arbalest of freezing (weapon)
Armour
 l - a +1 helmet (worn)
 o - a +1 leather armour of cold resistance (worn)
 q - a +0 pair of boots (worn)
Jewellery
 f - an amulet of reflection (around neck)
 p - a +5 ring of evasion (left hand)
Scrolls
 d - 6 scrolls of teleportation
 k - a scroll of identify
Potions
 a - a potion of degeneration {unknown}
 c - a potion of enlightenment {unknown}
 e - a potion of heal wounds
 h - a potion of haste {unknown}
 i - a potion of curing
 j - a potion of might {unknown}
 m - a potion of cancellation {unknown}

Dungeon Overview and Level Annotations

Branches:
Dungeon (6/15)             Temple (1/1) D:5           Sewer (visited)

Altars:
Ashenzari
Cheibriados
Elyvilon
Fedhas
Gozag
Hepliaklqana
Makhleb
Okawaru
Ru
Sif Muna
Trog
Uskayaw
Vehumet
Wu Jian
Xom
Yredelemnul
The Shining One

Annotations:
D:3 2 transporters, 1 runed translucent door, Crazy Yiuf


Message History

The kobold demonologist is lightly wounded.
You hear an angry hiss.
The kobold demonologist mumbles some strange words.
A phantom comes into view.
An iguana comes into view.
Enter note:
4835 |||
Found retreat position at 0,-1 (floor) with 0 blocking monsters and 2 monsters attacking at destination at distance 1
Enter note:
4835 |||
Found retreat position at -9,4 (floor) with 0 blocking monsters and 1 monsters attacking at destination at distance 9
Enter note:
4835 ||| RETREEAATING.
Enter note: You shoot a bolt.
The bolt hits the sun demon.
The bolt freezes the sun demon.
The sun demon is lightly wounded.
The sun demon closely misses you. The sun demon barely misses you.
4837 |||
Found retreat position at -1,0 (floor) with 0 blocking monsters and 2 monsters attacking at destination at distance 1
Enter note:
4837 ||| Stepping ~*~*~tactically~*~*~ (retreating).
4838 |||
Found retreat position at -7,4 (floor) with 0 blocking monsters and 1 monsters attacking at destination at distance 7
4838 ||| Stepping ~*~*~tactically~*~*~ (retreating).
The kobold demonologist looks satisfied for a moment.
Enter note:
4839 |||
Found retreat position at -6,4 (floor) with 0 blocking monsters and 1 monsters attacking at destination at distance 6
4839 ||| Stepping ~*~*~tactically~*~*~ (retreating).
Found 15 gold pieces.
The sun demon attacks as it pursues you!
The sun demon hits you!!
You are engulfed in flames!
The kobold demonologist mumbles some strange words.
An orc comes into view. It is wielding a +0 quarterstaff.
The orc shouts!
Enter note:
4840 |||
Found retreat position at -5,4 (floor) with 0 blocking monsters and 1 monsters attacking at destination at distance 5
4840 ||| Stepping ~*~*~tactically~*~*~ (retreating).
You hear a shout!
Enter note:
4841 |||
Found retreat position at -4,3 (floor) with 0 blocking monsters and 1 monsters attacking at destination at distance 4
4841 ||| Stepping ~*~*~tactically~*~*~ (retreating).
You shoot a bolt. The bolt hits the sun demon!
The bolt freezes the sun demon!
The sun demon is moderately wounded.
The sun demon hits you.
You are engulfed in flames!
You die...

### .. ... #. o#. #.###$#$###
#.# #../..#.W. #.# #.. ..#..
.l# #.# #..###.#.###.# #.#
#......#.....# #######.#
#....@3.5#.......# ......#.#
##...###.#.###...#
#####.#.######......#.......#
# #.#%......#........# ... #
#<.....##.##...###.# ##
#####......##.###......#.
..........................
#####............)#...###.
.........................


You could see a sun demon (summoned) and an ufetubus (summoned).

Vanquished Creatures
  A steam dragon (D:6)
  An ice beast (D:4)
  3 centaurs (D:5)
  2 bullfrogs (Sewer)
  A howler monkey (D:5)
  A hound (D:4)
  A jelly (D:6)
  3 orc priests
  A sleepcap (D:5)
  3 iguanas
  Jessica (D:3)
  Ijyb (D:5)
  Terence (D:2)
  Natasha (D:3)
  An orc wizard (D:5)
  Robin (D:2)
  16 adders
  An ufetubus (D:4)
  A dart slug (D:1)
  14 orcs
  2 bats (D:2)
  3 endoplasms
  11 giant cockroaches
  13 goblins
  5 hobgoblins
  6 jackals (D:3)
  8 kobolds
  9 quokkas
  4 ball pythons
  21 frilled lizards
  24 rats
161 creatures vanquished.

Notes
Turn   | Place    | Note
-------+----------+-------------------------------------------
     0 | D:1      | qw the Gargoyle Hunter began the quest for the Orb.
     0 | D:1      | Reached XP level 1. HP: 12/12 MP: 1/1
     0 | D:1      | 0 ||| qw: Version: 0.3-a-83-gcd0e7d8
     0 | D:1      | 0 ||| qw: Game counter: 1740
     0 | D:1      | 0 ||| qw: Melee chars always use a shield: true
     0 | D:1      | 0 ||| qw: God list: Okawaru
     0 | D:1      | 0 ||| qw: Allow faded altars: false
     0 | D:1      | 0 ||| qw: Do Orc after clearing Dungeon:15 true
     0 | D:1      | 0 ||| qw: Do second Lair branch before Depths: true
     0 | D:1      | 0 ||| qw: Lair rune preference: random
     0 | D:1      | 0 ||| qw: Goals: Normal
     0 | D:1      | 0 ||| PLANNING D:1-11
   167 | D:1      | Reached XP level 2. HP: 16/17 MP: 2/2
   664 | D:1      | 664 ||| UPGRADING to amulet of reflection.
   669 | D:1      | 669 ||| READING scroll labelled XUCLITT ZUASE.
   670 | D:1      | 670 ||| READING scroll labelled CAEBRA SUJOM.
   670 | D:1      | Identified a scroll of acquirement
   670 | D:1      | 670 ||| ACQUIRING +2 arbalest of freezing
   670 | D:1      | Acquired a +2 arbalest of freezing
   672 | D:1      | 672 ||| SWAPPING to +2 arbalest of freezing.
   673 | D:1      | 673 ||| DROPPING +1 shortbow.
   674 | D:1      | 674 ||| READING scroll labelled HAZITIPULODGH.
   675 | D:1      | 675 ||| DROPPING scroll of butterflies.
   705 | D:2      | 705 ||| STAIRDANCE
   793 | D:2      | Reached skill level 5 in Ranged Weapons
   793 | D:2      | Reached XP level 3. HP: 16/21 MP: 3/3
   840 | D:2      | Noticed Terence
   846 | D:2      | Killed Terence
   847 | D:2      | Reached skill level 3 in Fighting
   936 | D:2      | Reached XP level 4. HP: 28/28 MP: 4/4
   957 | D:2      | Found a broken altar of Ashenzari.
  1003 | D:2      | Noticed Robin
  1014 | D:2      | Killed Robin
  1018 | D:2      | HP: 5/28 [rat (3)]
  1024 | D:2      | HP: 5/28 [rat (3)]
  1517 | D:2      | 1517 ||| UPGRADING to +1 helmet.
  1522 | D:2      | 1522 ||| READING 4 scrolls labelled IKYTEC XABIES.
  1604 | D:3      | Reached XP level 5. HP: 32/32 MP: 5/5
  1641 | D:3      | Found a faded altar of an unknown god.
  1652 | D:3      | Reached skill level 6 in Ranged Weapons
  1704 | D:3      | Found a transporter.
  1855 | D:3      | Reached skill level 1 in Armour
  1883 | D:3      | Found a transporter.
  1918 | D:3      | Noticed Jessica
  1919 | D:3      | Killed Jessica
  1951 | D:3      | Found a shimmering altar of Xom.
  1953 | D:3      | Noticed Natasha
  1956 | D:3      | Killed Natasha
  1957 | D:3      | Reached XP level 6. HP: 38/38 MP: 6/6
  2098 | D:3      | 2098 ||| READING scroll of enchant weapon.
  2098 | D:3      | 2098 ||| ENCHANTING +2 arbalest of freezing.
  2160 | D:3      | Found a runed translucent door.
  2161 | D:3      | Noticed Crazy Yiuf
  2347 | D:3      | 2347 ||| UPGRADING to +0 ring mail.
  2357 | D:3      | 2357 ||| DROPPING +0 leather armour.
  2358 | D:3      | 2358 ||| UPGRADING to +1 leather armour of cold resistance.
  2368 | D:3      | 2368 ||| DROPPING +0 ring mail.
  2369 | D:3      | 2369 ||| UPGRADING to +0 pair of boots.
  2374 | D:3      | 2374 ||| UPGRADING to +5 ring of evasion.
  2375 | D:3      | 2375 ||| READING scroll labelled XUMISA ECIRI.
  2376 | D:3      | 2376 ||| DRINKING 3 fuming pink potions.
  2377 | D:3      | 2377 ||| DRINKING 2 viscous black potions.
  2378 | D:3      | 2378 ||| DROPPING 2 potions of attraction.
  2420 | D:4      | 2420 ||| PLANNING SEWER
  2518 | D:4      | Found a white marble altar of Elyvilon.
  2587 | D:4      | Found a snail-covered altar of Cheibriados.
  2588 | D:4      | Found an ornate altar of the Wu Jian Council.
  2642 | D:4      | Noticed an ice beast
  2647 | D:4      | Killed an ice beast
  2648 | D:4      | Reached skill level 7 in Ranged Weapons
  2686 | D:4      | Found a hazy altar of Hepliaklqana.
  2900 | D:4      | Found a glowing drain.
  2901 | D:4      | 2901 ||| READING scroll labelled JUGGER KAUKK.
  2902 | D:4      | 2902 ||| DRINKING 2 pink potions.
  2903 | D:4      | 2903 ||| DRINKING 2 smoky sapphire potions.
  3008 | D:4      | 3008 ||| DROPPING potion of berserk rage.
  3017 | Sewer    | Entered a sewer
  3026 | Sewer    | 3026 ||| Stepping ~*~*~tactically~*~*~ (water).
  3058 | Sewer    | Reached XP level 7. HP: 43/43 MP: 7/7
  3109 | Sewer    | 3109 ||| Stepping ~*~*~tactically~*~*~ (water).
  3171 | Sewer    | 3171 ||| Stepping ~*~*~tactically~*~*~ (water).
  3413 | Sewer    | 3413 ||| READING scroll labelled OMIVVU QEATTU.
  3414 | Sewer    | 3414 ||| READING scroll labelled RIUNYO ZELECUO.
  3415 | Sewer    | 3415 ||| READING scroll labelled TUSONU TOTE.
  3535 | D:4      | 3535 ||| PLANNING D:1-11
  3704 | D:5      | Entered Level 5 of the Dungeon
  3736 | D:5      | Reached skill level 8 in Ranged Weapons
  3786 | D:5      | 3786 ||| FLEEEEING.
  3787 | D:5      | 3787 ||| FLEEEEING.
  3788 | D:5      | 3788 ||| FLEEEEING.
  3789 | D:5      | 3789 ||| FLEEEEING.
  3790 | D:5      | 3790 ||| FLEEEEING.
  3791 | D:5      | 3791 ||| FLEEEEING.
  3792 | D:5      | 3792 ||| FLEEEEING.
  3793 | D:5      | 3793 ||| FLEEEEING.
  3794 | D:5      | 3794 ||| FLEEEEING.
  3795 | D:5      | 3795 ||| FLEEEEING.
  3796 | D:5      | 3796 ||| FLEEEEING.
  3797 | D:5      | 3797 ||| FLEEEEING.
  3798 | D:5      | 3798 ||| FLEEEEING.
  3799 | D:5      | 3799 ||| FLEEEEING.
  3800 | D:5      | 3800 ||| FLEEEEING.
  3801 | D:5      | 3801 ||| FLEEEEING.
  3802 | D:5      | 3802 ||| FLEEEEING.
  4040 | D:5      | Reached XP level 8. HP: 43/49 MP: 8/8
  4305 | D:5      | Noticed Ijyb
  4306 | D:5      | Killed Ijyb
  4352 | D:5      | Reached skill level 9 in Ranged Weapons
  4419 | D:5      | Found a staircase to the Ecumenical Temple.
  4420 | D:5      | 4420 ||| PLANNING TEMPLE
  4420 | D:5      | 4420 ||| READING scroll labelled MIGROIPALEU.
  4421 | D:5      | 4421 ||| DRINKING 2 clear potions.
  4475 | D:5      | 4475 ||| DRINKING 2 sedimented coppery potions.
  4476 | D:5      | 4476 ||| DROPPING potion of lignification.
  4477 | D:5      | 4477 ||| DROPPING potion of brilliance.
  4484 | Temple   | Found a transporter.
  4484 | Temple   | Found a transporter.
  4484 | Temple   | Found a transporter.
  4484 | Temple   | Found a transporter.
  4484 | Temple   | Entered the Ecumenical Temple
  4485 | Temple   | 4485 ||| PLANNING D:1-11
  4493 | Temple   | 4493 ||| PLANNING OKAWARU WORSHIP
  4496 | Temple   | Became a worshipper of Warmaster Okawaru
  4497 | Temple   | 4497 ||| PLANNING D:1-11
  4797 | D:6      | 4797 ||| Stepping ~*~*~tactically~*~*~ (cloud).
  4801 | D:6      | 4801 ||| Stepping ~*~*~tactically~*~*~ (cloud).
  4804 | D:6      | Reached skill level 6 in Fighting
  4833 | D:6      | Noticed a kobold demonologist
  4835 | D:6      | Noticed a sun demon
  4835 | D:6      | 4835 ||| RETREEAATING.
  4837 | D:6      | 4837 ||| Stepping ~*~*~tactically~*~*~ (retreating).
  4838 | D:6      | 4838 ||| Stepping ~*~*~tactically~*~*~ (retreating).
  4839 | D:6      | 4839 ||| Stepping ~*~*~tactically~*~*~ (retreating).
  4840 | D:6      | 4840 ||| Stepping ~*~*~tactically~*~*~ (retreating).
  4841 | D:6      | 4841 ||| Stepping ~*~*~tactically~*~*~ (retreating).
  4842 | D:6      | HP: 11/52 [sun demon[a kobold demonologist] (4)]
  4842 | D:6      | Mangled by a sun demon

Levels and vault maps discovered:
D:1:      pf_arrival_petrified_forest, layout_loops_ring
D:2:      layout_loops_cross, basic_altar, uniq_robin, uniq_terence
D:3:      gammafunk_steamed_eel, layout_loops_ring,
          mainiacjoe_overflow_tiny_flanked, basic_ecumenical_altar,
          minmay_lizard_king, uniq_jessica, uniq_crazy_yiuf_cottage,
          uniq_natasha
D:4:      layout_loops_ring, nicolae_elyvilon_peaceful_grove,
          mainiacjoe_overflow_concentric_impassable,
          gammafunk_temple_overflow_statue, portal_sewer_entry_e,
          minmay_rat_hole
D:5:      layout_loops_ring, temple_green, kennysheep_path_1,
          chequers_decorated_corner, corexii_corridor_pit,
          minmay_stone_trees_large, uniq_ijyb
D:6:      hangedman_cross_stitches, layout_basic, uniq_sigmund
Temple:   hellmonk_temple_divided_pantheon

Skill      XL: |  1  2  3  4  5  6  7  8 |
---------------+-------------------------+-----
Ranged Weapons | 5 6 7 8 9 |  9.1
Fighting       | 3 4 5 6 |  6.4
Armour         | 1 |  1.0
Dodging        | 2 |  2.0
Stealth        | |  1.1

Action                     |  1- 3 |  4- 6 |  7- 9 || total
---------------------------+-------+-------+-------++-------
   Fire: Shortbow          |    30 |       |       ||    30
         Arbalest          |    26 |   183 |   112 ||   321
    Use: Scroll            |     3 |     4 |     4 ||    11
         Potion            |       |     4 |     2 ||     6
 Armour: Leather armour    |    15 |    61 |    25 ||   101
  Dodge: Dodged            |    10 |   130 |    49 ||   189
  Block: Other             |     4 |    33 |    23 ||    60
         Reflection        |       |     2 |       ||     2

Table legend:
 A = Non-vault XP
 B = Vault XP
 C = Vault XP percentage of total XP
 D = Non-vault monster count
 E = Vault monster count
 F = Vault count percentage of total count
                 A         B        C        D         E       F
            +---------+---------+-------+---------+---------+-------
      Total |    1299 |     553 |  29.9 |      87 |      74 |  46.0
            +---------+---------+-------+---------+---------+-------
        D:1 |      23 |       0 |   0.0 |      14 |       0 |   0.0
        D:2 |      56 |      72 |  56.2 |      18 |      12 |  40.0
        D:3 |     119 |      81 |  40.5 |      22 |      11 |  33.3
        D:4 |     197 |      20 |   9.2 |      10 |      19 |  65.5
        D:5 |     687 |      36 |   5.0 |      21 |       1 |   4.5
        D:6 |     217 |      55 |  20.2 |       2 |       2 |  50.0
      Sewer |       0 |     289 | 100.0 |       0 |      29 | 100.0
            +---------+---------+-------+---------+---------+-------
